 Dungeon Crawl Stone Soup version 0.31.0-32-g396128a36d (webtiles) character file.

Game seed: 7237999828406856644

371 Alphaeus the Ruffian (level 6, -4/40 HPs)
             Began as a Draconian Shapeshifter on Mar 19, 2024.
             Killed by divine providence
             ... invoked by an orc priest
              (17 damage)
             ... on level 5 of the Dungeon.
             The game lasted 00:03:00 (2721 turns).

Alphaeus the Ruffian (Draconian Shapeshifter)       Turns: 2721, Time: 00:03:00

Health: -4/40      AC:  6    Str: 18    XL:     6   Next: 42%
Magic:  6/6        EV: 16    Int: 11    God:
Gold:   300        SH:  0    Dex: 10    Spells: 5/5 levels left

rFire   . .          .
                       - Unarmed
rCold   . . .        (shield currently unavailable)
rNeg    . . .        (body armour unavailable)
rPois   .            (helmet restricted)
rElec   .            (no cloak)
rCorr   .            (no gloves)
SInv    .            (no boots)
Will    .....        g - amulet of regeneration
Stlth   +            (no ring)
HPRegen 1.06/turn    (no ring)
MPRegen 0.10/turn

%: no passive effects
@: flux-form, glowing
A: glow, contaminating, reduced hp, AC +6, unfitting armour, cold-blooded
a: Begin Untransformation


You were on level 5 of the Dungeon.
You were something dangerously unstable.
You visited 1 branch of the dungeon, and saw 5 of its levels.

You collected 300 gold pieces.

Inventory:

Missiles
 k - a throwing net (quivered)
Jewellery
 g - an amulet of regeneration (around neck)
 o - a +6 ring of intelligence
 q - a ring of ice
 t - an amulet of magic regeneration
Talismans
 b - a beast talisman
 c - a flux talisman (active)
Wands
 n - a wand of charming (20)
Scrolls
 d - 2 scrolls of immolation {unknown}
 e - a scroll of revelation {unknown}
 f - a scroll of amnesia {unknown}
 h - 2 scrolls of identify {unknown}
 i - a scroll of silence {unknown}
 p - 2 scrolls of enchant weapon {unknown}
 r - a scroll of fear {unknown}
 s - a scroll of blinking {unknown}
Potions
 a - 2 potions of lignification
 j - a potion of berserk rage {unknown}
 l - 3 potions of heal wounds {unknown}
 m - a potion of haste {unknown}


   Skills:
 + Level 3.3 Fighting
 - Level 1.7 Dodging
 * Level 5.1 Unarmed Combat
 * Level 4.8 Shapeshifting


You had 5 spell levels left.
You didn't know any spells.
Your spell library contained the following spells:

 Spells                   Type           Power      Damage    Failure   Level
 Kiss of Death            Conj/Necr      0%         2d5       34%         1
 Shock                    Conj/Air       0%         1d3       34%         1
 Ensorcelled Hibernation  Hex/Ice        0%         N/A       47%         2
 Lesser Beckoning         Tloc           0%         N/A       47%         2
 Static Discharge         Conj/Air       0%         3-3/arc   47%         2
 Confusing Touch          Hex            0%         N/A       71%         3
 Fugue of the Fallen      Necr           0%         N/A       71%         3
 Gell's Gravitas          Tloc           0%         N/A       71%         3
 Swiftness                Air            0%         N/A       71%         3
 Teleport Other           Tloc           0%         N/A       71%         3
 Airstrike                Air            0%         2d(0-16)  98%         4
 Anguish                  Hex/Necr       0%         N/A       98%         4
 Dispel Undead            Necr           0%         3d6       98%         4
 Summon Lightning Spire   Summ/Air       0%         N/A       98%         4


Dungeon Overview and Level Annotations

Branches:
Dungeon (5/15)
 Temple: D:4-7

Altars:
The Shining One


Innate Abilities, Weirdness & Mutations

You are something dangerously unstable.
You glow with magical radiation, making you easy to see and hit.
Foes you strike become dangerously contaminated with magical radiation.
Your maximum health is decreased, since you lack skill for your form.
You are incapable of wielding weapons or throwing items.
Your plain brown scales are hard. (AC +6)
You cannot fit into any form of body armour.
You are cold-blooded and may be slowed by cold attacks.


Message History

The orc priest calls down the wrath of Beogh upon you.
Pain shoots through your body!
You bump into the rock wall.
The orc misses you.
The orc wizard hits you with a +0 dagger.
* * * LOW HITPOINT WARNING * * *
The orc priest hits you but does no damage.
You hit the orc priest.
The orc priest glows dangerously bright.
The orc priest is moderately wounded.
The orc completely misses you. The orc wizard completely misses you.
The orc priest barely misses you.
You hit the orc priest but do no damage.
The orc priest shudders as magic cascades through it.
The orc priest twists and deforms.
The orc priest is heavily wounded.
The orc closely misses you. The orc wizard casts a spell at you.
You resist with some effort. The orc priest barely misses you.
You're too confused to move!
The orc closely misses you. The orc priest hits you with a +0 club.
The orc wizard closely misses you. The orc wizard closely misses you.
The orc throws a boomerang.
The boomerang hits you but does no damage.
The orc wizard casts a spell.
The orc wizard flickers and vanishes!
Deactivating autopickup; reactivate with Ctrl-A.
You feel less confused. The orc hits you with a +0 dagger.
You hear some strange, mumbled words.
Something tries to affect you, but you resist.
You barely miss the orc priest. You tail-slap the orc priest.
The orc priest is severely wounded.
The orc completely misses you. The orc priest misses you.
Something hits you but does no damage.
You barely miss the orc priest.
The orc priest is severely wounded.
The orc hits you with a +0 dagger. Something hits you but does no damage.
The orc priest mumbles some strange prayers to Beogh against you.
Beogh smites you!
You die...

### #.
##..#######).
......[....#
..........# #
..^......#
#.#).......#
###.#o{o.....#
.##.#...p......#
......#..$...).#
..#............#
##............#
###....#.##.....
#........# #....
..#......###
#..# .........#
#.## .........#
#.#


You could see an orc priest (misshapen) and an orc.

Vanquished Creatures
  A phantom (D:3)
  A hound (D:5)
  2 iguanas
  Ijyb (D:3)
  Robin (D:3)
  6 adders
  2 ufetubi (D:5)
  5 dart slugs
  3 ribbon worms (D:2)
  8 orcs
  8 bats
  6 endoplasms
  4 giant cockroaches
  12 goblins
  9 hobgoblins
  5 kobolds
  3 quokkas
  8 ball pythons
  2 frilled lizards (D:1)
  6 rats
93 creatures vanquished.

Notes
Turn   | Place    | Note
-------+----------+-------------------------------------------
     0 | D:1      | Alphaeus the Draconian Shapeshifter began the quest for the
                  | Orb.
     0 | D:1      | Reached XP level 1. HP: 16/16 MP: 1/1
   177 | D:1      | Reached XP level 2. HP: 14/23 MP: 2/2
   653 | D:1      | You fall into a shaft and drop 1 floor!
   703 | D:2      | Reached XP level 3. HP: 18/29 MP: 3/3
   907 | D:2      | Reached XP level 4. HP: 24/36 MP: 4/4
  1068 | D:3      | Reached skill level 4 in Unarmed Combat
  1092 | D:3      | Noticed a phantom
  1100 | D:3      | Killed a phantom
  1101 | D:3      | Reached XP level 5. HP: 30/42 MP: 5/5
  1201 | D:3      | Found a glowing golden altar of the Shining One.
  1342 | D:3      | Noticed Ijyb
  1342 | D:3      | Noticed Robin
  1352 | D:3      | Killed Ijyb
  1371 | D:3      | Killed Robin
  1848 | D:4      | Reached XP level 6. HP: 20/51 MP: 6/6
  2662 | D:5      | Entered Level 5 of the Dungeon
  2667 | D:5      | Reached skill level 5 in Unarmed Combat
  2721 | D:5      | Killed from afar by an orc priest

Illustrated notes

Levels and vault maps discovered:
D:1:      nzn_arrival_settlement, layout_loops_ring
D:2:      layout_rooms, serial_aquarium, aquarium_bridge_straight
          [aquarium_subvault_bridge, aquarium_subvault_balcony,
          aquarium_subvault_bridge, aquarium_subvault_wall],
          aquarium_window_fake, aquarium_window_2, aquarium_window_2,
          aquarium_view_2b, aquarium_balcony_3b, aquarium_pool_2
D:3:      layout_loops_ring, mainiacjoe_overflow_six_doors_small,
          nicolae_goblin_pals
D:4:      layout_loops_corners
D:5:      layout_layer_cave, mainiacjoe_overflow_alcove_3, st_stairs_14

Skill      XL: |  1  2  3  4  5  6 |
---------------+-------------------+-----
Fighting       | 2 3 |  3.3
Unarmed Combat | 4 5 |  5.1
Shapeshifting  | 4 |  4.8
Dodging        | |  1.7

Action                     |  1- 3 |  4- 6 || total
---------------------------+-------+-------++-------
  Melee: Unarmed           |   131 |   187 ||   318
         Tailslap          |    14 |    27 ||    41
         Punch             |     1 |       ||     1
 Armour: Skin              |    44 |    98 ||   142
  Dodge: Dodged            |   104 |   182 ||   286
   Form: Flux              |     1 |       ||     1
